 Dungeon Crawl Stone Soup version 0.31.0-32-g396128a36d (webtiles) character file.

Game seed: 11669105757203605562

5810 jagang the Carver (level 10, -5/73 HPs)
             Began as a Human Monk on Mar 15, 2024.
             Was a Believer of the Shining One.
             Splashed by a brown ugly thing's acid (11 damage)
             ... on level 11 of the Dungeon.
             The game lasted 00:14:39 (6510 turns).

jagang the Carver (Human Monk)                      Turns: 6510, Time: 00:14:40

Health: -5/73      AC:  4    Str: 16    XL:     10   Next: 79%
Magic:  12/12      EV:  8    Int: 10    God:    the Shining One [**....]
Gold:   297        SH:  0    Dex: 18    Spells: 9/9 levels left

rFire   . . .        o - +5 scimitar
rCold   + + .        d - orb {light}
rNeg    + . .        i - +1 chain mail
rPois   .            u - +2 hat
rElec   .            (no cloak)
rCorr   .            (no gloves)
SInv    .            (no boots)
Will    .....        k - amulet of Lies {rC+ Regen+} Stlth
                     (no ring)
HPRegen 1.12/turn    (no ring)
MPRegen 0.13/turn

%: no passive effects
@: corroded, glowing
A: explore regen, cold resistance 1, shaggy fur 1, strong 1, teleportitis 1
a: Renounce Religion, Divine Shield


You were on level 11 of the Dungeon.
You worshipped the Shining One.
The Shining One was pleased with you.
You visited 1 branch of the dungeon, and saw 10 of its levels.

You collected 297 gold pieces.

Inventory:

Hand Weapons
 o - a +5 scimitar (weapon)
Missiles
 e - 18 poisoned darts
 p - 2 throwing nets
 x - 4 boomerangs (quivered)
Armour
 d - an orb of light (worn)
 i - a +1 chain mail (worn)
 u - a +2 hat (worn)
Jewellery
 h - a ring of wizardry
 k - the amulet of Lies (around neck) {rC+ Regen+}
   (You acquired it on level 4 of the Dungeon)

   [amulet of regeneration]

   rC+:       It protects you from cold.
   Regen+:    It increases your rate of health regeneration.
 y - a ring of flight
Wands
 a - a wand of polymorph (4)
 A - a wand of flame (17)
 B - a wand of mindburst (8)
 F - a wand of quicksilver (8)
Scrolls
 b - 2 scrolls of fog
 c - a scroll of enchant armour
 g - 3 scrolls of immolation
 j - 5 scrolls of teleportation
 n - 2 scrolls of fear
 s - 3 scrolls of amnesia
 t - a scroll of revelation
 z - a scroll of poison
 C - 2 scrolls of blinking
Potions
 f - 2 potions of might
 l - 3 potions of curing
 m - a potion of brilliance {unknown}
 q - 2 potions of cancellation {unknown}
 r - a potion of attraction {unknown}
 v - a potion of magic {unknown}
 E - 2 potions of degeneration {unknown}
 G - 2 potions of resistance {unknown}


   Skills:
 + Level 4.9 Fighting
 * Level 13.2 Long Blades
 - Level 7.2 Throwing
 + Level 2.2 Armour
 - Level 3.0 Dodging
 - Level 3.0 Invocations


You had 9 spell levels left.
You didn't know any spells.
Your spell library contained the following spells:

 Spells                   Type           Power      Damage    Failure   Level
 Magic Dart               Conj           0%         1d3       99%         1
 Blink                    Tloc           0%         N/A       100%        2
 Call Imp                 Summ           0%         N/A       100%        2
 Volatile Blastmotes      Fire/Tloc      0%         2d10      100%        3
 Anguish                  Hex/Necr       0%         N/A       100%        4
 Brom's Barrelling Bould  Conj/Erth      0%         2d3       100%        4
 Cause Fear               Hex            0%         N/A       100%        4
 Fulminant Prism          Conj/Alch      0%         3d5       100%        4
 Iskenderun's Mystic Bla  Conj/Tloc      0%         2d3       100%        4
 Fireball                 Conj/Fire      0%         3d3       100%        5
 Iskenderun's Battlesphe  Conj           0%         2d6       100%        5
 Conjure Ball Lightning   Conj/Air       0%         3x3d6     100%        6
 Enfeeble                 Hex            0%         N/A       100%        7
 Orb of Destruction       Conj           0%         9d5       100%        7


Dungeon Overview and Level Annotations

Branches:
Dungeon (11/15)
 Temple: D:4-7         Lair: D:8-11         Orc: D:9-12

Altars:
Fedhas
Gozag
Hepliaklqana
Yredelemnul
The Shining One

Shops:
D:2 [

Annotations:
D:10 Josephine


Innate Abilities, Weirdness & Mutations

You regain HP and MP as you explore.
Your flesh is cold resistant. (rC+)
You are covered in fur. (AC +1)
Your muscles are strong. (Str +4, Int/Dex -1)
You are occasionally teleported next to monsters.


Message History

HP restored.
You open the door.
There is an open door here.
G - 2 sedimented amethyst potions (gained 1)
There is an open door here.
A brown ugly thing comes into view.
The brown ugly thing gurgles horribly!
The brown ugly thing headbutts you.
You are splashed with acid!
You barely miss the brown ugly thing.
The brown ugly thing headbutts you but does no damage.
You slash the brown ugly thing!
The brown ugly thing is lightly wounded.
The brown ugly thing headbutts you.
You are splashed with acid!
You slash the brown ugly thing!
The brown ugly thing is moderately wounded.
The brown ugly thing headbutts you.
You are splashed with acid!
You slash the brown ugly thing!
The brown ugly thing is heavily wounded.
You hit the brown ugly thing.
The brown ugly thing is heavily wounded.
The brown ugly thing headbutts you but does no damage.
You slash the brown ugly thing!
The brown ugly thing is severely wounded.
The brown ugly thing headbutts you. The acid corrodes you!
You are splashed with acid!
You are too injured to fight recklessly!
You slash the brown ugly thing!
The brown ugly thing is severely wounded.
You barely miss the brown ugly thing.
The brown ugly thing is severely wounded.
The brown ugly thing headbutts you!
* * * LOW HITPOINT WARNING * * *
The acid corrodes you!
You are splashed with acid!
* * * LOW HITPOINT WARNING * * *
You hit the brown ugly thing.
The brown ugly thing is severely wounded.
The brown ugly thing headbutts you!
* * * LOW HITPOINT WARNING * * *
You are splashed with acid!
You die...

#################### #
................... ..
.................. ...
.................# ....
..........###....# .....
.................#......
................@u......
........................
####....................
........................
###.....################
..#.....#....#
..'.....#....#
..#.....#....#
..#.....#.<..#


You could see a brown ugly thing.

Vanquished Creatures
  3 two-headed ogres
  Pikel (D:5)
  Grinder (D:3)
  A culicivora (shapeshifter) (D:9)
  A shadow (D:11)
  Sigmund (D:4)
  A wyvern (D:9)
  A human (D:10)
  2 water moccasins (D:6)
  3 ice beasts
  2 orc warriors
  A sky beast (D:4)
  3 ogres
  A centaur (D:9)
  3 phantoms
  2 kobold brigands (D:9)
  2 bullfrogs
  Blork the orc (D:6)
  A scorpion (D:4)
  5 wights (D:10)
  2 howler monkeys
  A bombardier beetle (D:6)
  An orc priest (D:9)
  3 hounds
  A sleepcap (D:6)
  2 iguanas (D:5)
  5 orc wizards
  A gnoll (D:1)
  11 adders
  2 shadow imps (D:6)
  4 ufetubi
  A ribbon worm (D:3)
  3 dart slugs
  19 orcs
  11 endoplasms
  5 giant cockroaches
  10 hobgoblins
  10 jackals
  21 kobolds
  5 quokkas (D:2)
  5 ball pythons
  5 bats
  5 frilled lizards
  13 goblins
  6 rats
188 creatures vanquished.

Notes
Turn   | Place    | Note
-------+----------+-------------------------------------------
     0 | D:1      | jagang the Human Monk began the quest for the Orb.
     0 | D:1      | Reached XP level 1. HP: 18/18 MP: 1/1
   327 | D:1      | Reached XP level 2. HP: 23/24 MP: 2/2
   428 | D:1      | Reached skill level 4 in Long Blades
   428 | D:1      | Reached XP level 3. HP: 13/29 MP: 3/3
  1037 | D:2      | Reached XP level 4. HP: 14/35 MP: 4/4
  1191 | D:2      | Reached skill level 5 in Long Blades
  1358 | D:2      | Noticed a phantom
  1378 | D:2      | Killed a phantom
  1379 | D:2      | Reached skill level 6 in Long Blades
  1379 | D:2      | Reached XP level 5. HP: 28/41 MP: 5/5
  1656 | D:2      | Found Haydghoa's Antique Armour Emporium.
  1708 | D:2      | Noticed an ogre
  1733 | D:2      | Killed an ogre
  1734 | D:2      | Reached skill level 1 in Throwing
  1734 | D:2      | Reached XP level 6. HP: 22/47 MP: 6/6
  2264 | D:3      | Noticed Grinder
  2265 | D:3      | Paralysed by Grinder for 5 turns
  2277 | D:3      | Reached skill level 7 in Long Blades
  2295 | D:3      | Killed Grinder
  2296 | D:3      | Reached XP level 7. HP: 16/52 MP: 7/7
  3083 | D:3      | Found a blossoming altar of Fedhas.
  3083 | D:3      | Found an opulent altar of Gozag.
  3249 | D:4      | Noticed Sigmund
  3262 | D:4      | Killed Sigmund
  3263 | D:4      | Reached skill level 8 in Long Blades
  3891 | D:4      | Identified a scroll of acquirement
  3892 | D:4      | Acquired the amulet of Lies {rC+ Regen+}
  3950 | D:4      | Reached XP level 8. HP: 58/58 MP: 8/8
  4187 | D:5      | Entered Level 5 of the Dungeon
  4215 | D:5      | Reached skill level 9 in Long Blades
  4511 | D:5      | Found a hazy altar of Hepliaklqana.
  4511 | D:5      | Found a basalt altar of Yredelemnul.
  4618 | D:5      | Noticed Pikel
  4629 | D:5      | Killed Pikel
  4630 | D:5      | Reached skill level 10 in Long Blades
  4630 | D:5      | Reached skill level 5 in Throwing
  4630 | D:5      | Reached XP level 9. HP: 62/63 MP: 9/9
  5054 | D:6      | Noticed Blork the orc
  5059 | D:6      | Killed Blork the orc
  5127 | D:6      | Reached skill level 11 in Long Blades
  5519 | D:6      | Found a glowing golden altar of the Shining One.
  5522 | D:6      | Became a worshipper of the Shining One
  5522 | D:6      | Reached * piety under the Shining One
  5522 | D:6      | Reached ** piety under the Shining One
  5616 | D:7      | You fall into a shaft and drop 2 floors!
  5685 | D:9      | Noticed a two-headed ogre
  5696 | D:9      | Killed a two-headed ogre
  5697 | D:9      | Reached skill level 12 in Long Blades
  5697 | D:9      | Reached XP level 10. HP: 65/70 MP: 10/10
  5795 | D:9      | Reached skill level 1 in Invocations
  5847 | D:9      | Noticed a two-headed ogre
  5861 | D:9      | Killed a two-headed ogre
  5965 | D:9      | Gained mutation: You have a pair of small horns on your
                  | head. [potion of mutation]
  5965 | D:9      | Gained mutation: You are dopey. (Int -2) [potion of
                  | mutation]
  5965 | D:9      | Gained mutation: You are covered in fur. (AC +1) [potion of
                  | mutation]
  5966 | D:9      | Lost mutation: You are dopey. (Int -2) [potion of mutation]
  5966 | D:9      | Lost mutation: You have a pair of small horns on your head.
                  | [potion of mutation]
  5966 | D:9      | Gained mutation: You are vulnerable to heat. (rF-) [potion
                  | of mutation]
  5966 | D:9      | Gained mutation: Your muscles are strong. (Str +4, Int/Dex
                  | -1) [potion of mutation]
  5966 | D:9      | Gained mutation: You are occasionally teleported next to
                  | monsters. [potion of mutation]
  5966 | D:9      | Gained mutation: You have a pair of small horns on your
                  | head. [potion of mutation]
  5967 | D:9      | Lost mutation: You are vulnerable to heat. (rF-) [potion of
                  | mutation]
  5967 | D:9      | Lost mutation: You have a pair of small horns on your head.
                  | [potion of mutation]
  5967 | D:9      | Gained mutation: Your flesh is cold resistant. (rC+)
                  | [potion of mutation]
  6111 | D:9      | Noticed a black mamba
  6114 | D:9      | a black mamba changed into a culicivora
  6288 | D:10     | Entered Level 10 of the Dungeon
  6309 | D:10     | Noticed Josephine
  6377 | D:10     | Noticed a two-headed ogre
  6388 | D:10     | Killed a two-headed ogre
  6389 | D:10     | Reached skill level 13 in Long Blades
  6389 | D:10     | Reached skill level 1 in Armour
  6498 | D:11     | Noticed a brown ugly thing
  6510 | D:11     | Splashed by a brown ugly thing's acid

Illustrated notes

Levels and vault maps discovered:
D:1:      eino_arrival_cavern_a, layout_basic
D:2:      minmay_thinvault, layout_rooms, serial_shops, nicolae_shop_waterfront
D:3:      layout_basic, gammafunk_temple_overflow_elements, uniq_grinder
D:4:      layout_basic, grunt_decor_arrowhead, uniq_sigmund
D:5:      layout_cave_pools, gammafunk_temple_overflow_statue,
          serial_column_ruins, column_ruins_grid_1, column_ruins_columns_corner,
          column_ruins_open_large, nicolae_concentric_dashed_squares_wild,
          nicolae_zen_rock_garden, uniq_pikel
D:6:      layout_rooms, kennysheep_mini, uniq_blork_the_orc
D:7:      layout_basic, minmay_temple_entry_mini_moons, serial_shops, shop,
          st_stairs_6
D:9:      layout_loops_ring
D:10:     layout_big_octagon, okawaru_humans, david_orc_4, minmay_radiant,
          uniq_josephine, uniq_erica
D:11:     layout_stronghold

Skill      XL: |  1  2  3  4  5  6  7  8  9 10 |
---------------+-------------------------------+-----
Long Blades    | 4 6 7 8 10 12 13 | 13.2
Throwing       | 1 2 3 5 7 |  7.2
Invocations    | 3 |  3.0
Fighting       | 4 |  4.9
Armour         | 2 |  2.2
Dodging        | |  3.0

Action                     |  1- 3 |  4- 6 |  7- 9 | 10-12 || total
---------------------------+-------+-------+-------+-------++-------
  Melee: Falchion          |    92 |   172 |   171 |       ||   435
         Scimitar          |       |       |   123 |   121 ||   244
  Throw: Dart              |       |     7 |    15 |       ||    22
         Throwing net      |       |       |     4 |       ||     4
         Boomerang         |       |       |       |     8 ||     8
  Evoke: Wand              |       |       |       |     7 ||     7
    Use: Potion            |     1 |       |     1 |     3 ||     5
         Scroll            |       |     9 |     6 |     1 ||    16
   Stab: Sleeping          |     1 |       |       |       ||     1
         Held in net/web   |       |       |     1 |       ||     1
 Armour: Robe              |    66 |     4 |       |       ||    70
         Chain mail        |       |   172 |   216 |   102 ||   490
  Dodge: Dodged            |    94 |    65 |    74 |    43 ||   276
